 Dungeon Crawl Stone Soup version 0.30-a0-170-g85af917532 (webtiles) character file.

Game seed: 6121984440399348201

67 KennySheep the Ruffian (level 4, -4/40 HPs)
             Began as a Ghoul Monk on Oct 1, 2022.
             Was a Believer of Uskayaw.
             Slain by an ogre
             ... wielding a +0 giant club
              (15 damage)
             ... on level 4 of the Dungeon.
             The game lasted 00:09:24 (1969 turns).

KennySheep the Ruffian (Ghoul Monk)                 Turns: 1969, Time: 00:09:25

Health: -4/40      AC:  6    Str: 16    XL:     4   Next: 16%
Magic:  0/4        EV: 12    Int:  5    God:    Uskayaw [**....]
Gold:   200        SH:  0    Dex: 11    Spells: 3/3 levels left

rFire   . . .      SeeInvis .      - Unarmed
rCold   + . .      Faith    .    (no shield)
rNeg    + + +      Spirit   .    s - +2 leather armour of Immorality {Rampage rElec}
rPois   ∞          Reflect  .    (no helmet)
rElec   +          Harm     .    j - +0 cloak
rCorr   .          Rampage  +    (no gloves)
Will    .....                    (no boots)
Stlth   ++........               (no amulet)
HPRegen 0.00/turn                (no ring)
MPRegen 0.09/turn                (no ring)

@: inhibited regen
A: claws 1, cold resistance 1, negative energy resistance 3, inhibited
regeneration, torment resistance 2, devour on kill
a: Renounce Religion, Stomp, Line Pass


You were on level 4 of the Dungeon.
You worshipped Uskayaw.
Uskayaw was noncommittal.
You visited 1 branch of the dungeon, and saw 4 of its levels.

You collected 200 gold pieces.

Inventory:

Armour
 a - a +0 robe
 j - a +0 cloak (worn)
 k - a +0 scale mail
 s - the +2 leather armour of Immorality (worn) {Rampage rElec}
   (You found it on level 3 of the Dungeon)

   rElec:     It insulates you from electricity.
   Rampage:   It bestows one free step when moving towards enemies.
Jewellery
 e - a +4 ring of protection
 q - a ring of wizardry
Scrolls
 b - a scroll of amnesia {unknown}
 c - a scroll of magic mapping
 i - a scroll of torment
 l - a scroll of noise
 n - a scroll of enchant weapon
 o - 2 scrolls of teleportation
Potions
 d - a potion of mutation {unknown}
 f - a potion of heal wounds {unknown}
 g - 3 potions of haste {unknown}
 h - a potion of ambrosia
 p - a potion of attraction {unknown}
 r - a potion of curing {unknown}


   Skills:
 + Level 3.6 Fighting
 + Level 0.7 Armour
 + Level 3.0 Dodging
 - Level 2.6 Stealth
 * Level 4.0 Unarmed Combat
 + Level 0.1 Spellcasting
 * Level 1.3 Invocations


You had 3 spell levels left.
You didn't know any spells.
Your spell library contained the following spells:

 Spells                   Type           Power      Damage    Failure   Level
 Sting                    Tmut/Pois      0%         1d3       54%         1
 Ensorcelled Hibernation  Hex/Ice        0%         N/A       69%         2
 Passwall                 Tmut/Erth      0%         N/A       69%         2
 Poisonous Vapours        Pois/Air       0%         N/A       69%         2
 Swiftness                Air            0%         N/A       89%         3
 Olgreb's Toxic Radiance  Pois           0%         N/A       100%        4


Dungeon Overview and Level Annotations

Branches:
Dungeon (4/15)
 Temple: D:4-7

Altars:
Uskayaw


Innate Abilities, Weirdness & Mutations

You are immune to poison.
You have sharp fingernails.
Your flesh is cold resistant. (rC+)
You are immune to negative energy. (rN+++)
You do not regenerate when monsters are visible.
You are immune to unholy pain and torment.
You thrive by killing the living.


Message History

The goblin unwields a +0 club.
The goblin wields a +0 sling.
The goblin shoots a sling bullet.
The sling bullet barely misses you.
Okay, then.
You barely miss the ogre. The ogre barely misses you.
You barely miss the ogre. You scratch the ogre but do no damage.
The ogre closely misses you.
You scratch the ogre but do no damage. The ogre closely misses you.
You can no longer pass through a line of other dancers.
You scratch the ogre.
The ogre is lightly wounded.
You can now pass through a line of other dancers.
You scratch the ogre.
The ogre is moderately wounded.
The ogre misses you.
You scratch the ogre but do no damage.
The ogre is moderately wounded.
You scratch the ogre.
The ogre is heavily wounded.
The ogre hits you with a +0 giant club!
* * * LOW HITPOINT WARNING * * *
Aiming: Line Pass
Press: ? - help, Dir - move target, f - ogre
Aim: an ogre, wielding a +0 giant club (heavily wounded)
You can't stand on top of the monster!
Aiming: Line Pass
Press: ? - help, Dir - move target, p - ogre The ogre appears confused.
The goblin appears confused.
You barely miss the ogre.
The ogre is heavily wounded.
The ogre closely misses you.
The goblin says, "Why is everything spinning?"
You claw the ogre!
The ogre is severely wounded.
The goblin seems less confused.
The ogre seems less confused.
You barely miss the ogre.
The ogre is severely wounded.
The goblin shoots a sling bullet.
The sling bullet hits you but does no damage.
The ogre hits you with a +0 giant club!
You die...

##### #...##
#....####
###.....#####
##....#.((#
###....)...#
###....@.#.g.#
##.....#)O#
###
#.....##g##
########.#
#####.#
#####.....#
#........##
#........#
#..).....# .


You could see an ogre and a goblin.

Vanquished Creatures
  2 adders (D:2)
  A dart slug (D:3)
  An orc (D:3)
  A bat (D:2)
  2 endoplasms
  2 giant cockroaches
  9 goblins
  4 hobgoblins
  4 jackals (D:1)
  3 quokkas
  2 ball pythons
  2 frilled lizards (D:3)
  3 kobolds (D:2)
  3 rats
39 creatures vanquished.

Notes
Turn   | Place    | Note
-------+----------+-------------------------------------------
     0 | D:1      | KennySheep the Ghoul Monk began the quest for the Orb.
     0 | D:1      | Reached XP level 1. HP: 19/19 MP: 0/0
   254 | D:1      | Reached XP level 2. HP: 19/26 MP: 1/1
   443 | D:3      | Noticed a shining eye
   445 | D:3      | Found a faded altar of an unknown god.
   446 | D:3      | Noticed a great orb of eyes
   446 | D:3      | Noticed an eye of devastation
   446 | D:3      | Noticed a shining eye
   451 | D:3      | Prayed at the altar of an unknown god.
   451 | D:3      | Became a worshipper of Uskayaw the Reveller
   451 | D:3      | Reached * piety under Uskayaw
   451 | D:3      | Reached ** piety under Uskayaw
   569 | D:2      | Reached XP level 3. HP: 9/31 MP: 2/2
   848 | D:2      | Reached skill level 1 in Invocations
  1487 | D:3      | Identified the +2 leather armour of Immorality {Rampage
                  | rElec}
  1849 | D:4      | Reached skill level 4 in Unarmed Combat
  1867 | D:4      | Reached XP level 4. HP: 36/40 MP: 3/3
  1927 | D:4      | Noticed an ogre
  1969 | D:4      | Slain by an ogre

Illustrated notes

Levels and vault maps discovered:
D:1:      minmay_arrival_four_houses, layout_basic, st_stairs_7,
          grunt_decor_fettered
D:2:      layout_rooms, kennysheep_nondescript
D:3:      layout_basic, hellmonk_ecumenical_altar_watching_god
D:4:      layout_rooms, minmay_temple_entry_antechambers, minmay_ogre_servants

Skill      XL: |  1  2  3  4 |
---------------+-------------+-----
Invocations    | 1 |  1.3
Unarmed Combat | 4 |  4.0
Dodging        | 3 |  3.0
Fighting       | |  3.6
Armour         | |  0.7
Stealth        | |  2.6
Spellcasting   | |  0.1

Action                   |  1- 3 |  4- 6 || total
-------------------------+-------+-------++-------
Melee: Unarmed           |   121 |    33 ||   154
       Punch             |     3 |       ||     3
Invok: Line Pass         |       |     1 ||     1
  Use: Scroll            |     6 |       ||     6
       Potion            |     1 |       ||     1
 Stab: Sleeping          |     3 |       ||     3
Armor: Robe              |    15 |       ||    15
       Scale mail        |    12 |       ||    12
       Leather armour    |     2 |    11 ||    13
Dodge: Dodged            |    96 |    17 ||   113

Table legend: (Time is in decaauts)
 A = Elapsed time spent in this place.
 B = Non-inter-level travel time spent in this place.
 C = Inter-level travel time spent in this place.
 D = Time resting spent in this place.
 E = Time spent auto-exploring this place.
 F = Levels seen in this place.
 G = Mean time per level.
                   A        B        C        D        E       F      G
               +--------+--------+--------+--------+--------+-----+--------+
         Total |   1957 |   1894 |     63 |     49 |   1450 |   4 |  489.2 |
       Dungeon |   1957 |   1894 |     63 |     49 |   1450 |   4 |  489.2 |
               +--------+--------+--------+--------+--------+-----+--------+

Top non-repeatable levels by time:
     D:3: 804 daAuts
     D:2: 645 daAuts
     D:1: 388 daAuts
     D:4: 119 daAuts
